 Dungeon Crawl Stone Soup version 0.28-a0-872-g80cf8599ee (webtiles) character file.

Game seed: 5742323742626725142

177 killozap the Skirmisher (level 5, -2/34 HPs)
             Began as a Gargoyle Fighter on Nov 20, 2021.
             Slain by a crimson imp (3 damage)
             ... summoned by Natasha
             ... on level 3 of the Dungeon.
             The game lasted 00:09:34 (3388 turns).

killozap the Skirmisher (Gargoyle Fighter)          Turns: 3388, Time: 00:09:35

Health: -2/34      AC: 12    Str: 21    XL:     5   Next: 57%
Magic:  5/5        EV:  9    Int:  8    God:
Gold:   109        SH:  4    Dex:  9    Spells: 4/4 levels left

rFire   . . .      SeeInvis .   a - +0 flail
rCold   . . .      Faith    .   c - +0 buckler
rNeg    + . .      Spirit   .   b - +0 scale mail
rPois   ∞          Reflect  .   j - +0 helmet
rElec   +          Harm     .   (no cloak)
rCorr   .          Rampage  .   (no gloves)
Will    .....                   (no boots)
Stlth   ..........              (no amulet)
HPRegen 0.11/turn               (no ring)
MPRegen 0.09/turn               (no ring)

@: no status effects
A: sickness immunity, AC +4, negative energy resistance 1, electricity
resistance, torment resistance 1, petrification resistance
a: no special abilities


You were on level 3 of the Dungeon.
You visited 1 branch of the dungeon, and saw 3 of its levels.

You collected 109 gold pieces.

Inventory:

Hand Weapons
 a - a +0 flail (weapon)
Armour
 b - a +0 scale mail (worn)
 c - a +0 buckler (worn)
 j - a +0 helmet (worn)
Scrolls
 e - 3 scrolls of identify {unknown}
 f - 4 scrolls of magic mapping {unknown}
 i - a scroll of holy word {unknown}
 k - a scroll of enchant armour {unknown}
Potions
 d - a potion of might
 g - 2 potions of curing {unknown}
 h - a potion of cancellation {unknown}


   Skills:
 + Level 4.5 Fighting
 + Level 3.3 Maces & Flails
 + Level 4.5 Armour
 - Level 4.0 Shields


You had 4 spell levels left.
You didn't know any spells.
Your spell library was empty.

Dungeon Overview and Level Annotations

Branches:
Dungeon (3/15)

Altars:

Annotations:
D:3 Natasha


Innate Abilities, Weirdness & Mutations

You are immune to sickness and miasma.
Your stone body is resilient. (AC +4)
You are immune to poison.
You resist negative energy. (rN+)
You are resistant to electric shocks. (rElec)
You are resistant to unholy torment.
You are immune to petrification.


Message History

The dart slug launches a dart at you. The slug dart misses you.
The slug dart misses the crimson imp.
Natasha stares at you and mumbles some strange words.
The magic dart hits you! The crimson imp misses you.
You closely miss Natasha.
Natasha is severely wounded.
The crimson imp disappears in a puff of smoke!
You block the crimson imp's attack. Natasha claws you but does no damage.
The crimson imp grinds its teeth.
The crimson imp barely misses you.
The dart slug bites you but does no damage.
You barely miss Natasha.
Natasha is severely wounded.
The crimson imp disappears in a puff of smoke!
Natasha mumbles some strange words.
The crimson imp barely misses you.
You hit Natasha.
Natasha is almost dead.
Natasha stares at you and mumbles some strange words.
The magic dart hits you!
* * * LOW HITPOINT WARNING * * *
The dart slug launches a dart at you. The slug dart hits you.
* * * LOW HITPOINT WARNING * * *
You block the crimson imp's attack.
You barely miss Natasha.
Natasha is almost dead.
Natasha casts a spell.
The crimson imp barely misses you. The dart slug bites you.
* * * LOW HITPOINT WARNING * * *
Natasha closely misses you.
Okay, then.
You barely miss Natasha.
Natasha is almost dead.
The crimson imp closely misses you.
The shadow imp hits you but does no damage.
The dart slug closely misses you. You block Natasha's attack.
The shadow imp hits you but does no damage.
The crimson imp hits you.
You die...

.## #. ###
...###.##..
#........######.
##...............
#...........#...
#.............# .
..............##).
........hw5>......#
..#....5@......#
#.##.....5...#.#
#............#
.............# #
.#..........# ..
#..........#
.##.#.........<#
.......).[....##.#
##.##..<)...(†...#


You could see Natasha, a crimson imp (summoned), 2 shadow imps and a dart slug.

Vanquished Creatures
  Natasha (twice) (D:3)
  An orc wizard (D:3)
  Robin (D:2)
  2 adders (D:2)
  A worm (D:2)
  A dart slug (D:1)
  4 orcs
  4 ball pythons
  2 bats
  6 endoplasms
  A giant cockroach (D:2)
  14 goblins
  5 hobgoblins
  A quokka (D:1)
  2 frilled lizards
  10 kobolds
  6 rats
63 creatures vanquished.

Notes
Turn   | Place    | Note
-------+----------+-------------------------------------------
     0 | D:1      | killozap the Gargoyle Fighter began the quest for the Orb.
     0 | D:1      | Reached XP level 1. HP: 14/14 MP: 1/1
   338 | D:1      | Reached XP level 2. HP: 19/19 MP: 2/2
  1021 | D:1      | Reached XP level 3. HP: 21/23 MP: 3/3
  1507 | D:2      | Noticed Robin
  2021 | D:2      | Killed Robin
  2022 | D:2      | Reached XP level 4. HP: 10/29 MP: 4/4
  2532 | D:2      | Found a faded altar of an unknown god.
  2983 | D:3      | Noticed Natasha
  3150 | D:3      | Killed Natasha
  3151 | D:3      | Reached XP level 5. HP: 32/33 MP: 5/5
  3329 | D:3      | Noticed Natasha
  3339 | D:3      | Killed Natasha
  3368 | D:3      | Noticed Natasha
  3387 | D:3      | HP: 1/34 [dart slug (3)]
  3388 | D:3      | Slain by a crimson imp

Illustrated notes

Levels and vault maps discovered:
D:1:      dpeg_arrival_rooms_b, layout_loops_corners
D:2:      layout_loops_ring, shapermc_ecumenical_altar_petra, st_stairs_12,
          uniq_robin
D:3:      layout_rooms, serial_shops, shop, kennysheep_cluttered_room,
          minmay_misc_feat_columns, uniq_natasha

Skill      XL: |  1  2  3  4 |
---------------+-------------+-----
Shields        | 4 |  4.0
Fighting       | 4 |  4.5
Armour         | 4 |  4.5
Maces & Flails | 3 |  3.3

Action                   |  1- 3 |  4- 6 || total
-------------------------+-------+-------++-------
Melee: Flail             |   122 |   127 ||   249
Armor: Scale mail        |    83 |    86 ||   169
Dodge: Dodged            |    75 |    52 ||   127
Block: Buckler           |    27 |    30 ||    57

Table legend: (Time is in decaauts)
 A = Elapsed time spent in this place.
 B = Non-inter-level travel time spent in this place.
 C = Inter-level travel time spent in this place.
 D = Time resting spent in this place.
 E = Time spent auto-exploring this place.
 F = Levels seen in this place.
 G = Mean time per level.
                   A        B        C        D        E       F      G
               +--------+--------+--------+--------+--------+-----+--------+
         Total |   3468 |   3424 |     44 |   1338 |   1405 |   3 | 1156.0 |
       Dungeon |   3468 |   3424 |     44 |   1338 |   1405 |   3 | 1156.0 |
               +--------+--------+--------+--------+--------+-----+--------+

Top non-repeatable levels by time:
     D:1: 1733 daAuts
     D:2: 1575 daAuts
     D:3: 159 daAuts
